 Dungeon Sprint DCSS version 0.17-a0-1718-g72dbe4d (webtiles) character file.

245192 Kidiri the Intangible (level 17, -13/70 HPs)
             Began as a Spriggan Enchanter on Aug 26, 2015.
             Was the Champion of Dithmenos.
             Killed from afar by Nikola (18 damage)
             ... with a chain lightning
             ... in the Dungeon (Sprint III: "The Ten Rune Challenge").
             The game lasted 01:49:37 (18453 turns).

Kidiri the Intangible (Spriggan Enchanter)         Turns: 18453, Time: 01:49:37

Health: -13/70     AC:  7    Str:  4    XL:     17   Next: 67%
Magic:  37/47      EV: 47    Int: 22    God:    Dithmenos [******]
Gold:   2041       SH:  0    Dex: 23    Spells: 17 memorised, 3 levels left

rFire  . . .     SeeInvis +     h - +9 dagger of Chilly Death {flash freeze, rPois rF- rC++ MR+}
rCold  + + +     Clarity  .     F - +1 robe {rC+ rF+}
rNeg   + + .     SustAt   .     (shield restricted)
rPois  +         Gourm    .     v - +2 hat of Evolution {rC+}
rElec  .         Spirit   .     x - +0 cloak {+Inv}
rCorr  +         Warding  .     (gloves unavailable)
rMut   .         NoTele   +     (boots unavailable)
MR     ++...                    y - amulet "Igaech" {rCorr +Blink rN++ MR- Int+3}
Stlth  ++++++++++               n - ring of flight
                                C - ring "Ycaleap" {+Inv EV+3 Dex+2}

@: wreathed by umbra, very quick, very resistant to hostile enchantments,
uncannily stealthy
A: unfitting armour, see invisible, herbivore 3, speed 3, shaggy fur 1, slow
metabolism 2
a: Shadow Step, Shadow Form, Renounce Religion, Evoke Blink, Evoke Invisibility,
Evoke Flight
}: 4/10 runes: serpentine, barnacled, silver, golden


You were in the Dungeon.
You worshipped Dithmenos.
Dithmenos was exalted by your worship.
You were not hungry.

You visited 1 branch You collected 3650 gold pieces.
You spent 1609 gold pieces at shops.

Inventory:

Hand weapons
 h - the +9 dagger of Chilly Death (weapon) {flash freeze, rPois rF- rC++ MR+}
   (You found it in the Dungeon)

   It has been specially enchanted to freeze those struck by it, causing extra
   injury to most foes and up to half again as much damage against particularly
   susceptible opponents.
   It can also slow down cold-blooded creatures.
   It makes you vulnerable to fire.
   It greatly protects you from cold.
   It protects you from poison.
   It affects your resistance to hostile enchantments.
Missiles
 f - 11 throwing nets (quivered)
Armour
 v - the +2 hat of Evolution (worn) {rC+}
   (You acquired it in the Dungeon)

   It protects you from cold.
 x - a +0 cloak of invisibility (worn)
 F - a +1 robe of resistance (worn)
Jewellery
 c - an uncursed ring of protection from fire
 k - an uncursed ring of ice
 n - a ring of flight (right hand)
 y - the amulet "Igaech" (around neck) {rCorr +Blink rN++ MR- Int+3}
   (You found it in the Dungeon)

   [amulet of resist corrosion]

   It protects you from acid and corrosion.
   It affects your intelligence (+3).
   It greatly protects you from negative energy.
   It affects your resistance to hostile enchantments.
   It lets you blink.
 A - an uncursed ring of fire
 C - the ring "Ycaleap" (left hand) {+Inv EV+3 Dex+2}
   (You took it off a deep elf high priest in the Dungeon)

   [ring of evasion]

   It affects your evasion (+3).
   It affects your dexterity (+2).
   It lets you turn invisible.
Magical devices
 a - a wand of invisibility (4)
 b - a wand of magic darts (18)
 m - a wand of enslavement (13)
 t - a wand of hasting (4)
 z - a wand of disintegration (14)
Scrolls
 i - 3 scrolls of magic mapping
 j - 2 scrolls of identify
 B - 6 scrolls of amnesia
 E - 2 scrolls of remove curse
 G - a scroll of fear
Potions
 d - a potion of invisibility
 e - 3 potions of curing
 g - a potion of haste
 q - 3 potions of cure mutation
 r - 6 potions of flight
 s - a potion of ambrosia
Books
 l - a book of Enchantments

   Spells                             Type                      Level
   a - Cause Fear                     Hexes                        4
   b - Silence                        Hexes/Air                    5
   c - Deflect Missiles               Charms/Air                   6
   d - Haste                          Charms                       6
   e - Discord                        Hexes                        8
 o - a book of Debilitation

   Spells                             Type                      Level
   a - Corona                         Hexes                        1
   b - Slow                           Hexes                        2
   c - Gell's Gravitas                Hexes/Translocation          3
   d - Inner Flame                    Hexes/Fire                   3
   e - Cause Fear                     Hexes                        4
   f - Leda's Liquefaction            Hexes/Earth                  4
 u - a book of Ice

   Spells                             Type                      Level
   a - Ice Form                       Ice/Transmutation            4
   b - Metabolic Englaciation         Hexes/Ice                    5
   c - Ozocubu's Refrigeration        Ice                          6
   d - Bolt of Cold                   Conjuration/Ice              6
   e - Freezing Cloud                 Conjuration/Ice/Air          6
   f - Simulacrum                     Ice/Necromancy               6
 w - the Guide on Evil Enhancements
   (You found it in the Dungeon)

   Spells                             Type                      Level
   a - Pain                           Necromancy                   1
   b - Shroud of Golubria             Charms/Translocation         2
   c - Regeneration                   Charms/Necromancy            3
   d - Spectral Weapon                Hexes/Charms                 3
   e - Excruciating Wounds            Charms/Necromancy            5
   f - Cigotuvi's Embrace             Necromancy                   5
Comestibles
 p - 14 royal jellies


   Skills:
 + Level 16.6 Short Blades
 O Level 27 Dodging
 O Level 27 Stealth
 * Level 25.1 Spellcasting
 + Level 12.0 Conjurations
 + Level 18.1 Hexes
 + Level 4.8 Charms
 + Level 11.1 Summonings
 + Level 18.8 Translocations
 + Level 14.5 Transmutations
 + Level 13.2 Ice Magic
 + Level 13.7 Air Magic
 + Level 13.2 Earth Magic
 + Level 14.8 Poison Magic
 - Level 3.0 Invocations


You had 3 spell levels left.
You knew the following spells:

 Your Spells              Type           Power        Failure   Level  Hunger
a - Corona                Hex            #######      0%          1    None
b - Ensorcelled Hibernat  Hex/Ice        ######       0%          2    None
c - Confuse               Hex            #######.     0%          3    None
d - Tukima's Dance        Hex            #######.     0%          3    None
e - Dazzling Spray        Conj/Hex       #######.     0%          3    None
f - Cure Poison           Pois           #######...   0%          2    None
g - Mephitic Cloud        Conj/Pois/Air  ######..     0%          3    None
h - Olgreb's Toxic Radia  Pois           #######.     1%          4    None
i - Venom Bolt            Conj/Pois      ######....   1%          5    None
j - Controlled Blink      Tloc           N/A          1%          7    ####...
k - Malign Gateway        Summ/Tloc      #######...   2%          7    ####...
l - Passwall              Trmt/Erth      ######....   0%          3    None
m - Stone Arrow           Conj/Erth      ######       1%          3    None
n - Stoneskin             Trmt/Erth      ######..     0%          2    None
o - Lee's Rapid Deconstr  Erth           ######....   1%          5    None
p - Disjunction           Tloc           #######...   4%          8    #####..
q - Shroud of Golubria    Chrm/Tloc      ######....   0%          2    None


Dungeon Overview and Level Annotations

Branches:
Dungeon (1/1)

Altars:
Cheibriados
Dithmenos
Elyvilon
Fedhas
Gozag
Kikubaaqudgha
Makhleb
Nemelex Xobeh
Okawaru
Qazlal
Ru
Sif Muna
Trog
Vehumet
Xom
Yredelemnul
Zin
The Shining One
Jiyva
Lugonu

Shops:
D :?(?:=[!%![}!%:=!}:}%?([

Annotations:
D Nikola


Innate Abilities, Weirdness & Mutations

You are tiny and cannot use many weapons and most armour.
You have supernaturally acute eyesight.
You are a herbivore.
You cover ground extremely quickly.
You need consume almost no food.
You are covered in fur (AC +1).


Message History

The bolt of electricity misses you.
Casting: Venom Bolt
Confirm with . or Enter, or press ? or * to list all spells.
Aiming: Venom Bolt
Press: ? - help, Shift-Dir - straight line, f - electric eel
Aim: an electric eel (water, umbra)
The bolt of poison hits Nikola.
Nikola is poisoned.
Nikola is heavily wounded.
The bolt of poison hits the electric eel.
The electric eel is poisoned.
You kill the electric eel!
Dithmenos accepts your kill.
Nikola casts a spell.
You hear a mighty clap of thunder!
The lightning arc hits you!
You emit a cloud of dark smoke.
The lightning arc hits Nikola.
The lightning arc hits you!
* * * LOW HITPOINT WARNING * * *
You emit a cloud of dark smoke.
The lightning arc hits Nikola.
The lightning arc hits you!
You die...

...##.....##+#§§§.≈#.#.........(#
+###.......###.§..≈#.▓+▓▓▓▓▓▓▓▓▓▓
...+.......'......)[.▓..#...^....
+###.......#####..≈#.▓..#........
≈≈≈##.....##...##.≈#.▓..#..######
+#+###...###.#..##+##▓..#..#....[
.#.# ##+####.##.##...▓..#..#...).
+#####.≈≈≈'#.##§####.▓..#..#.....
..+∩∩#.≈≈.#..##§@§[..▓..#..#.....
###∩∩#.≈≈.#######@###▓..#..#+####
###..#..≈.#,,+≈⌠.§.≈@▓..#..#.....
..+..+..≈≈+,,#≈≈.≈.≈.▓.^+..#.....
###..#≈≈≈.#,,#.≈.≈.≈.▓###########
#∩#..#)...#,,#...≈...▓***********
..#..####+#######+###▓,+,,,,*,,+,
+##..#.#.#.#.#.#.#.#.▓,*,,,,*,**,
..+..+#.#%#.#%#.#.#.#▓,*,,,,*,,*≈


You could see Nikola (wandering).

Vanquished Creatures
  Mara (D)
  2 greater mummies (D)
  Boris (D)
  Norris (D)
  3 golden dragons (D)
  2 liches (D)
  Rupert (D)
  A titan (D)
  3 quicksilver dragons (D)
  A deep elf master archer (D)
  2 sphinxes (D)
  An ancient champion (D)
  Gastronok (D)
  2 shadow dragons (D)
  A kraken (D)
  Chuck (D)
  A storm dragon (D)
  Dowan (D)
  Roxanne (D)
  A greater naga (D)
  A frost giant (D)
  Maud (D)
  4 azure jellies (D)
  3 deep elf demonologists (D)
  2 vampire knights (D)
  A deep elf annihilator (D)
  2 dire elephants (D)
  A deep elf death mage (D)
  9 mummy priests (D)
  A yaktaur captain (D)
  15 vault guards (D)
  A fire dragon (D)
  Erolcha (D)
  A deep elf high priest (D)
  A naga warrior (D)
  2 hydras (D)
  7 anacondas (D)
  2 alligator snapping turtles (D)
  2 centaur warriors (D)
  4 death yaks (D)
  4 dancing weapons (D)
  An ogre mage (D)
  4 hell knights (D)
  An iron golem (D)
  A shadow wraith (D)
  A death drake (D)
  4 skeletal warriors (D)
  A golden dragon zombie (D)
  3 anaconda zombies (D)
  2 deep elf summoners (D)
  A spriggan druid (D)
  An obsidian statue (D)
  A lindwurm (D)
  2 hornets (D)
  A lindwurm (shapeshifter) (D)
  2 oklob plants (D)
  A cyclops (shapeshifter) (D)
  4 crystal guardians (D)
  2 elephants (D)
  9 ugly things (D)
  A guardian serpent (D)
  An iron troll simulacrum (D)
  A molten gargoyle (D)
  2 spiny frogs (D)
  4 statues (D)
  6 black mambas (D)
  Duvessa (D)
  An orange crystal statue (D)
  A komodo dragon (D)
  A fire drake (D)
  4 deep elf priests (D)
  17 guardian mummies (D)
  A queen bee (D)
  3 wandering mushrooms (D)
  4 spriggan defenders (D)
  An anaconda simulacrum (D)
  8 slime creatures (D)
  An orc high priest (D)
  8 blink frogs (D)
  4 snapping turtles (D)
  2 trapdoor spiders (D)
  A shadow (D)
  2 spriggans (D)
  4 redbacks (D)
  2 hill giants (D)
  A spatial vortex (D)
  A hydra simulacrum (D)
  5 orc warriors (D)
  2 nagas (D)
  4 water moccasins (D)
  A wasp (D)
  A black mamba simulacrum (D)
  A swamp drake (D)
  A necrophage (D)
  2 brain worms (D)
  3 two-headed ogres (D)
  A water elemental (D)
  32 killer bees (D)
  4 electric eels (D)
  A jelly (D)
  Crazy Yiuf (D)
  5 orc priests (D)
  Jessica (D)
  An orc wizard (D)
  A wizard (D)
  2 polar bear simulacra (D)
  2 necromancers (D)
  A kobold demonologist (D)
  3 humans (D)
  5 adders (D)
  10 orcs (D)
  3 rats (D)
  2 bushes (D)
  8 butterflies (D)
  3 fungi (D)
  6 plants (D)
  4 tentacles (D)
334 creatures vanquished.

Vanquished Creatures (collateral kills)
  A skeletal warrior (D)
  A spectral iron dragon (D)
2 creatures vanquished.

Vanquished Creatures (others)
  3 eldritch tentacles (D)
  2 draconian scorchers (D)
  Nessos (D)
  A vault guard (D)
  3 yaktaurs (D)
  6 bushes (D)
  147 eldritch tentacle segments (D)
  3 fungi (D)
  21 plants (D)
  33 tentacles (D)
  259 tentacle segments (D)
479 creatures vanquished.

Grand Total: 815 creatures vanquished

Notes
Turn   | Place    | Note
--------------------------------------------------------------
     0 | D        | Kidiri the Spriggan Enchanter began the quest for the Orb.
     0 | D        | Reached XP level 1. HP: 9/9 MP: 5/5
    17 | D        | Noticed Jessica
    19 | D        | Reached skill level 5 in Stealth
    22 | D        | Killed Jessica
    22 | D        | Reached skill level 5 in Dodging
    22 | D        | Reached skill level 6 in Stealth
    22 | D        | Reached XP level 2. HP: 13/13 MP: 6/8
    37 | D        | Learned a level 2 spell: Ensorcelled Hibernation
    81 | D        | Reached skill level 7 in Stealth
    81 | D        | Reached XP level 3. HP: 16/16 MP: 3/10
    86 | D        | Learned a level 3 spell: Confuse
    90 | D        | Learned a level 3 spell: Tukima's Dance
   143 | D        | Noticed Crazy Yiuf
   145 | D        | Killed a yaktaur
   150 | D        | Killed Crazy Yiuf
   150 | D        | Reached skill level 5 in Spellcasting
   150 | D        | Reached skill level 1 in Ice Magic
   150 | D        | Reached XP level 4. HP: 21/21 MP: 12/12
   178 | D        | Learned a level 3 spell: Dazzling Spray
   181 | D        | Gained mutation: Your flesh is cold resistant. [potion of mutation]
   182 | D        | Gained mutation: Your magical capacity is low (-10% MP). [potion of mutation]
   182 | D        | Gained mutation: You are dopey. (Int -2) [potion of mutation]
   182 | D        | Gained mutation: You are covered in fur (AC +1). [potion of mutation]
   210 | D        | Noticed a water elemental
   228 | D        | Killed a white draconian scorcher
   235 | D        | Killed a water elemental
   235 | D        | Reached skill level 8 in Stealth
   235 | D        | Reached skill level 1 in Conjurations
   235 | D        | Reached skill level 5 in Hexes
   235 | D        | Reached XP level 5. HP: 24/24 MP: 0/13
   275 | D        | Killed a white draconian scorcher
   342 | D        | Noticed a jelly
   343 | D        | Noticed a shadow
   345 | D        | Killed a shadow
   345 | D        | Reached skill level 10 in Stealth
   345 | D        | Reached XP level 6. HP: 28/28 MP: 13/15
   349 | D        | Killed a jelly
   354 | D        | Lost mutation: Your magical capacity is low (-10% MP). [potion of cure mutation]
   354 | D        | Lost mutation: Your flesh is cold resistant. [potion of cure mutation]
   354 | D        | Lost mutation: You are dopey. (Int -2) [potion of cure mutation]
   375 | D        | Found a stormy altar of Qazlal.
   376 | D        | Found a sacrificial altar of Ru.
   376 | D        | Found a burning altar of Makhleb.
   376 | D        | Found a viscous altar of Jiyva.
   376 | D        | Found a shimmering altar of Xom.
   376 | D        | Found a shadowy altar of Dithmenos.
   376 | D        | Found a sparkling altar of Nemelex Xobeh.
   376 | D        | Found a corrupted altar of Lugonu.
   376 | D        | Found an opulent altar of Gozag.
   376 | D        | Noticed a spatial vortex
   380 | D        | Became a worshipper of Dithmenos the Shadowed
   381 | D        | Killed a spatial vortex
   381 | D        | Reached skill level 5 in Short Blades
   381 | D        | Reached skill level 11 in Stealth
   381 | D        | Reached skill level 1 in Invocations
   406 | D        | Found a radiant altar of Vehumet.
   407 | D        | Found a deep blue altar of Sif Muna.
   407 | D        | Found an ancient bone altar of Kikubaaqudgha.
   407 | D        | Noticed a wizard
   411 | D        | Noticed a soul eater
   412 | D        | Killed a wizard
   456 | D        | Learned a level 2 spell: Cure Poison
   460 | D        | Learned a level 3 spell: Mephitic Cloud
   465 | D        | Learned a level 4 spell: Olgreb's Toxic Radiance
   483 | D        | Found a glowing silver altar of Zin.
   484 | D        | Found a glowing golden altar of the Shining One.
   484 | D        | Found a white marble altar of Elyvilon.
   484 | D        | Noticed a deep elf priest
   486 | D        | Killed a deep elf priest
   486 | D        | Reached skill level 10 in Dodging
   486 | D        | Reached skill level 12 in Stealth
   486 | D        | Reached skill level 1 in Air Magic
   486 | D        | Reached skill level 1 in Poison Magic
   486 | D        | Reached XP level 7. HP: 32/32 MP: 18/20
   502 | D        | Found an iron altar of Okawaru.
   503 | D        | Found a bloodstained altar of Trog.
   503 | D        | Noticed a human
   503 | D        | Noticed a human
   505 | D        | Killed a human
   506 | D        | Killed a human
   521 | D        | Found a snail-covered altar of Cheibriados.
   521 | D        | Noticed a necrophage
   522 | D        | Found a basalt altar of Yredelemnul.
   522 | D        | Found a blossoming altar of Fedhas.
   522 | D        | Noticed a necromancer
   523 | D        | Killed a necrophage
   523 | D        | Acquired Dithmenos's first power
   523 | D        | Reached XP level 8. HP: 36/36 MP: 22/22
   524 | D        | Killed a necromancer
   536 | D        | Learned a level 5 spell: Venom Bolt
   599 | D        | Noticed a two-headed ogre
   599 | D        | Noticed a two-headed ogre
   603 | D        | Killed a two-headed ogre
   605 | D        | Killed a two-headed ogre
   605 | D        | Reached skill level 13 in Stealth
   609 | D        | Noticed a two-headed ogre
   610 | D        | Killed a two-headed ogre
   610 | D        | Acquired Dithmenos's second power
   616 | D        | Noticed a hill giant
   619 | D        | Killed a hill giant
   619 | D        | Reached skill level 10 in Spellcasting
   624 | D        | Noticed a hill giant
   624 | D        | Noticed Erolcha
   626 | D        | Killed Erolcha
   626 | D        | Reached skill level 14 in Stealth
   626 | D        | Reached XP level 9. HP: 39/39 MP: 22/24
   627 | D        | Killed a hill giant
   635 | D        | Noticed a redback
   637 | D        | Noticed a trapdoor spider
   648 | D        | Killed a redback
   671 | D        | Killed a yaktaur
   934 | D        | Noticed a trapdoor spider
   948 | D        | Killed a trapdoor spider
   948 | D        | Acquired Dithmenos's third power
   948 | D        | Reached skill level 5 in Ice Magic
   953 | D        | Killed a trapdoor spider
  1066 | D        | Noticed a killer bee
  1066 | D        | Noticed a killer bee
  1066 | D        | Noticed a killer bee
  1066 | D        | Noticed a killer bee
  1066 | D        | Noticed a killer bee
  1066 | D        | Noticed a killer bee
  1066 | D        | Noticed a killer bee
  1066 | D        | Noticed a queen bee
  1066 | D        | Noticed a killer bee
  1066 | D        | Noticed a killer bee
  1066 | D        | Noticed a killer bee
  1066 | D        | Noticed a killer bee
  1066 | D        | Noticed a killer bee
  1066 | D        | Noticed a killer bee
  1066 | D        | Noticed a killer bee
  1067 | D        | Noticed a killer bee
  1067 | D        | Noticed a killer bee
  1067 | D        | Noticed a killer bee
  1067 | D        | Noticed a killer bee
  1067 | D        | Noticed a killer bee
  1067 | D        | Noticed a killer bee
  1067 | D        | Noticed a killer bee
  1067 | D        | Noticed a killer bee
  1067 | D        | Noticed a killer bee
  1067 | D        | Noticed a killer bee
  1067 | D        | Noticed a killer bee
  1067 | D        | Noticed a killer bee
  1067 | D        | Noticed a killer bee
  1067 | D        | Noticed a killer bee
  1067 | D        | Noticed a killer bee
  1067 | D        | Noticed a killer bee
  1067 | D        | Noticed a killer bee
  1067 | D        | Noticed a killer bee
  1068 | D        | Killed a killer bee
  1069 | D        | Killed a killer bee
  1071 | D        | Killed a killer bee
  1072 | D        | Killed a killer bee
  1076 | D        | Killed a killer bee
  1076 | D        | Acquired Dithmenos's fourth power
  1079 | D        | Killed a killer bee
  1081 | D        | Killed a killer bee
  1083 | D        | Killed a killer bee
  1087 | D        | Killed a killer bee
  1087 | D        | Reached skill level 15 in Stealth
  1089 | D        | Killed a killer bee
  1287 | D        | Killed a killer bee
  1288 | D        | Killed a killer bee
  1288 | D        | Killed a killer bee
  1289 | D        | Killed a killer bee
  1289 | D        | Killed a killer bee
  1289 | D        | Killed a killer bee
  1289 | D        | Killed a killer bee
  1290 | D        | Killed a killer bee
  1290 | D        | Killed a killer bee
  1290 | D        | Killed a killer bee
  1291 | D        | Killed a killer bee
  1431 | D        | Killed a killer bee
  1436 | D        | Killed a killer bee
  1437 | D        | Killed a killer bee
  1437 | D        | Killed a killer bee
  1437 | D        | Killed a queen bee
  1437 | D        | Reached skill level 5 in Poison Magic
  1437 | D        | Reached XP level 10. HP: 39/44 MP: 4/26
  1451 | D        | Killed a killer bee
  1591 | D        | Killed a killer bee
  1591 | D        | Reached skill level 5 in Conjurations
  1593 | D        | Killed a killer bee
  1595 | D        | Killed a killer bee
  1595 | D        | Killed a killer bee
  1599 | D        | Killed a killer bee
  1607 | D        | Killed a killer bee
  1741 | D        | Noticed a wandering mushroom
  1742 | D        | Noticed a wandering mushroom
  1742 | D        | Noticed a wandering mushroom
  1743 | D        | Killed a wandering mushroom
  1745 | D        | Killed a wandering mushroom
  1746 | D        | Killed a wandering mushroom
  1746 | D        | Reached skill level 16 in Stealth
  1760 | D        | Learned a level 7 spell: Controlled Blink
  1789 | D        | Noticed a spiny frog
  1789 | D        | Noticed a komodo dragon
  1789 | D        | Noticed a spiny frog
  1791 | D        | Killed a spiny frog
  1791 | D        | Reached skill level 1 in Translocations
  1791 | D        | Reached skill level 5 in Air Magic
  1795 | D        | Killed a komodo dragon
  1797 | D        | Killed a spiny frog
  1797 | D        | Reached skill level 15 in Dodging
  1834 | D        | Noticed a redback
  1836 | D        | Killed a redback
  1837 | D        | Noticed a brain worm
  1840 | D        | Killed a brain worm
  1840 | D        | Reached skill level 10 in Hexes
  1846 | D        | Noticed a brain worm
  1848 | D        | Killed a brain worm
  1852 | D        | Noticed a lindwurm
  1854 | D        | Noticed a redback
  1855 | D        | Killed a lindwurm
  1862 | D        | Killed a redback
  1910 | D        | Noticed a redback
  1911 | D        | Killed a redback
  1912 | D        | Noticed Maud
  1914 | D        | Killed Maud
  1914 | D        | Reached skill level 17 in Stealth
  1914 | D        | Reached XP level 11. HP: 47/47 MP: 27/29
  1926 | D        | Noticed an electric eel
  1927 | D        | Noticed a four-headed hydra
  1927 | D        | Noticed an eight-headed hydra
  1929 | D        | Killed an electric eel
  1931 | D        | Killed a four-headed hydra
  1932 | D        | Killed an eight-headed hydra
  1932 | D        | Reached skill level 5 in Translocations
  1968 | D        | Noticed a death drake
  1970 | D        | Killed a death drake
  1977 | D        | Found a blossoming altar of Fedhas.
  1977 | D        | Noticed a spriggan
  1977 | D        | Noticed a spriggan druid
  1977 | D        | Noticed a spriggan
  1979 | D        | Killed a spriggan druid
  1980 | D        | Killed a spriggan
  1981 | D        | Killed a spriggan
  2020 | D        | Noticed a kraken
  2115 | D        | Noticed a snapping turtle
  2299 | D        | Killed a snapping turtle
  2299 | D        | Reached skill level 18 in Stealth
  2558 | D        | Noticed a snapping turtle
  2559 | D        | Noticed a snapping turtle
  2559 | D        | Noticed an alligator snapping turtle
  2936 | D        | Killed an alligator snapping turtle
  3004 | D        | Killed a snapping turtle
  3032 | D        | Killed a snapping turtle
  3053 | D        | Killed a kraken
  3053 | D        | Reached skill level 10 in Short Blades
  3153 | D        | Found Poeceof's Antique Armour Boutique.
  3153 | D        | Found Kutihu's Book Shop.
  3153 | D        | Found Ahafamez's Magic Scroll Emporium.
  3153 | D        | Noticed a snapping turtle
  3153 | D        | Noticed an alligator snapping turtle
  3168 | D        | Killed an alligator snapping turtle
  3173 | D        | Killed a snapping turtle
  3179 | D        | Got a barnacled rune of Zot
  3313 | D        | Noticed a swamp drake
  3313 | D        | Noticed a fire drake
  3314 | D        | Killed a fire drake
  3316 | D        | Killed a swamp drake
  3325 | D        | Noticed a blink frog
  3326 | D        | Noticed a blink frog
  3326 | D        | Noticed a blink frog
  3326 | D        | Noticed a blink frog
  3326 | D        | Noticed a blink frog
  3328 | D        | Killed a blink frog
  3342 | D        | Killed a blink frog
  3344 | D        | Killed a blink frog
  3344 | D        | Reached XP level 12. HP: 51/51 MP: 22/31
  3346 | D        | Killed a blink frog
  3346 | D        | Reached skill level 19 in Stealth
  3348 | D        | Killed a blink frog
  3412 | D        | Noticed Rupert
  3414 | D        | Killed Rupert
  3414 | D        | Reached skill level 15 in Spellcasting
  3447 | D        | Learned a level 7 spell: Malign Gateway
  3448 | D        | Noticed a death yak
  3449 | D        | Noticed a death yak
  3449 | D        | Noticed a blink frog
  3450 | D        | Noticed an azure jelly
  3450 | D        | Noticed a death yak
  3450 | D        | Noticed an azure jelly
  3450 | D        | Noticed a blink frog
  3450 | D        | Noticed a death yak
  3451 | D        | Killed a death yak
  3452 | D        | Killed a blink frog
  3453 | D        | Killed a death yak
  3453 | D        | Reached skill level 1 in Summonings
  3466 | D        | Killed a death yak
  3618 | D        | Noticed a black mamba
  3620 | D        | Noticed a black mamba
  3621 | D        | Killed a black mamba
  3634 | D        | Killed a black mamba
  3841 | D        | Noticed a blink frog
  3846 | D        | Killed a blink frog
  3855 | D        | Killed a death yak
  3973 | D        | Killed a blink frog
  3993 | D        | Noticed a black mamba
  3993 | D        | Noticed a water moccasin
  3993 | D        | Noticed an anaconda
  3993 | D        | Noticed an anaconda
  3994 | D        | Noticed a black mamba
  3995 | D        | Killed an anaconda
  3995 | D        | Reached skill level 20 in Stealth
  3996 | D        | Killed a black mamba
  4001 | D        | Killed an anaconda
  4002 | D        | Killed a water moccasin
  4011 | D        | Killed a black mamba
  4068 | D        | Noticed an anaconda
  4068 | D        | Noticed an anaconda
  4068 | D        | Noticed an anaconda
  4068 | D        | Noticed an anaconda
  4070 | D        | Noticed a water moccasin
  4070 | D        | Noticed a water moccasin
  4071 | D        | Killed an anaconda
  4081 | D        | Killed an anaconda
  4086 | D        | Killed an anaconda
  4088 | D        | Killed a water moccasin
  4091 | D        | Killed an anaconda
  4091 | D        | Reached skill level 10 in Translocations
  4093 | D        | Killed a water moccasin
  4202 | D        | Noticed a black mamba
  4202 | D        | Noticed an anaconda
  4202 | D        | Noticed a water moccasin
  4202 | D        | Noticed a black mamba
  4204 | D        | Killed a water moccasin
  4208 | D        | Killed an anaconda
  4208 | D        | Reached XP level 13. HP: 55/55 MP: 26/34
  4212 | D        | Killed a black mamba
  4215 | D        | Killed a black mamba
  4277 | D        | Noticed a naga
  4277 | D        | Noticed a naga
  4278 | D        | Noticed a naga warrior
  4278 | D        | Noticed a greater naga
  4278 | D        | Found Nyephu's Book Boutique.
  4278 | D        | Found Athyg's Magic Scroll Emporium.
  4279 | D        | Killed a naga
  4280 | D        | Killed a naga
  4281 | D        | Found Jaylaece's Antique Weapon Shop.
  4282 | D        | Killed a greater naga
  4283 | D        | Killed a naga warrior
  4283 | D        | Reached skill level 21 in Stealth
  4295 | D        | Noticed a guardian serpent
  4298 | D        | Killed a guardian serpent
  4302 | D        | Got a serpentine rune of Zot
  4431 | D        | Noticed an azure jelly
  4431 | D        | Noticed an azure jelly
  4432 | D        | Noticed an elephant
  4432 | D        | Noticed an elephant
  4432 | D        | Noticed a dire elephant
  4432 | D        | Noticed a dire elephant
  4432 | D        | Noticed Gastronok
  4444 | D        | Killed Gastronok
  4452 | D        | Killed a dire elephant
  4458 | D        | Killed an elephant
  4603 | D        | Killed an elephant
  4610 | D        | Killed a dire elephant
  4727 | D        | Noticed Dowan
  4728 | D        | Noticed Duvessa
  4735 | D        | Killed Dowan
  4742 | D        | Killed Duvessa
  4871 | D        | Noticed an orc priest
  4872 | D        | Noticed an orc warrior
  4873 | D        | Noticed an orc warrior
  4873 | D        | Noticed an orc warrior
  4873 | D        | Noticed an orc warrior
  4873 | D        | Noticed an orc wizard
  4873 | D        | Noticed an orc priest
  4873 | D        | Noticed an orc warrior
  4873 | D        | Found Zutuahee's Jewellery Emporium.
  4874 | D        | Killed an orc priest
  4877 | D        | Killed an orc priest
  4878 | D        | Killed an orc warrior
  4886 | D        | Killed an orc warrior
  4889 | D        | Killed an orc warrior
  4893 | D        | Killed an orc warrior
  4897 | D        | Killed an orc wizard
  4902 | D        | Killed an orc warrior
  5071 | D        | Noticed a deep elf priest
  5071 | D        | Noticed a deep elf priest
  5071 | D        | Noticed a deep elf priest
  5071 | D        | Noticed a deep elf summoner
  5071 | D        | Noticed a deep elf summoner
  5078 | D        | Killed a deep elf priest
  5078 | D        | Killed a deep elf summoner
  5092 | D        | Killed a deep elf priest
  5097 | D        | Killed a deep elf priest
  5097 | D        | Killed a deep elf summoner
  5111 | D        | Noticed a deep elf annihilator
  5185 | D        | Noticed a deep elf demonologist
  5185 | D        | Noticed a deep elf demonologist
  5190 | D        | Noticed a deep elf death mage
  5195 | D        | Noticed a reaper
  5436 | D        | Noticed a deep elf high priest
  5438 | D        | Killed a deep elf high priest
  5438 | D        | Reached skill level 10 in Poison Magic
  5502 | D        | Noticed a deep elf master archer
  5503 | D        | Noticed a deep elf demonologist
  5509 | D        | Noticed a balrug
  5513 | D        | Killed a deep elf demonologist
  5513 | D        | Reached skill level 22 in Stealth
  5660 | D        | Killed a deep elf death mage
  5662 | D        | Killed a deep elf demonologist
  5905 | D        | Killed a deep elf demonologist
  5905 | D        | Reached skill level 5 in Summonings
  5917 | D        | Killed a deep elf annihilator
  6598 | D        | Killed a deep elf master archer
  6610 | D        | Identified the Incunabulum of the Entourage and Shape Shifting
  6615 | D        | Got a bound copper amulet
  6626 | D        | Got a scintillating copper ring
  6641 | D        | Got a jewelled leather armour
  6662 | D        | Got a shimmering helmet
  6717 | D        | Identified the amulet "Igaech" {rCorr +Blink rN++ MR- Int+3} (You found it in the Dungeon)
  6720 | D        | Identified the ring "Ycaleap" {+Inv EV+3 Dex+2} (You took it off a deep elf high priest in the Dungeon)
  6903 | D        | Bought a book of Geomancy for 490 gold pieces
  7010 | D        | Learned a level 3 spell: Passwall
  7056 | D        | Noticed an orc priest
  7056 | D        | Noticed an orc priest
  7057 | D        | Noticed an orc priest
  7057 | D        | Noticed an orc high priest
  7058 | D        | Killed an orc priest
  7059 | D        | Killed an orc priest
  7061 | D        | Killed an orc priest
  7062 | D        | Killed an orc high priest
  7076 | D        | Learned a level 3 spell: Stone Arrow
  7148 | D        | Noticed a spriggan defender
  7148 | D        | Noticed a spriggan defender
  7148 | D        | Noticed a spriggan defender
  7148 | D        | Noticed a spriggan defender
  7164 | D        | Noticed an orange crystal statue
  7177 | D        | Killed a spriggan defender
  7177 | D        | Reached XP level 14. HP: 59/59 MP: 16/36
  7178 | D        | Killed a spriggan defender
  7178 | D        | Reached skill level 1 in Earth Magic
  7179 | D        | Killed a spriggan defender
  7181 | D        | Killed a spriggan defender
  7262 | D        | Learned a level 2 spell: Stoneskin
  7368 | D        | Noticed a lindwurm
  7368 | D        | Noticed a purple ugly thing
  7371 | D        | Killed a purple ugly thing
  7371 | D        | Reached skill level 1 in Transmutations
  7373 | D        | Killed a lindwurm
  7390 | D        | Noticed a centaur warrior
  7394 | D        | Killed a centaur warrior
  7414 | D        | Noticed a brown ugly thing
  7414 | D        | Noticed a fire dragon
  7416 | D        | Killed a brown ugly thing
  7419 | D        | Killed a fire dragon
  7483 | D        | Noticed a flail of protection
  7483 | D        | Noticed a halberd of venom
  7484 | D        | Noticed a scimitar of holy wrath
  7485 | D        | Noticed a halberd of venom
  7494 | D        | Killed a scimitar of holy wrath
  7745 | D        | Killed a halberd of venom
  8114 | D        | Killed a flail of protection
  8179 | D        | Killed a halberd of venom
  8179 | D        | Reached skill level 23 in Stealth
  8236 | D        | Killed a yaktaur
  8387 | D        | Found Vetierae's Food Boutique.
  8387 | D        | Found Hoot's Distillery.
  8387 | D        | Found Houlik's Magic Scroll Emporium.
  8387 | D        | Found Yhimurr's Food Shop.
  8387 | D        | Found Kias's Antique Weapon Shop.
  8387 | D        | Found Ecaer's Book Emporium.
  8387 | D        | Found Ceerupan's Distillery.
  8387 | D        | Found Ucorinis's Book Shoppe.
  8387 | D        | Found Negin's Antique Armour Shoppe.
  8387 | D        | Found Ytsyumosch's Gadget Shop.
  8387 | D        | Found Quekhuoc's Gadget Emporium.
  8387 | D        | Found Eskaohy's Jewellery Boutique.
  8435 | D        | Bought a potion of experience for 700 gold pieces
  8435 | D        | Reached XP level 15. HP: 61/63 MP: 38/38
  8486 | D        | Killed an orange crystal statue
  8677 | D        | Noticed a yaktaur captain
  8677 | D        | Noticed a slime creature
  8677 | D        | Noticed a slime creature
  8677 | D        | Noticed a slime creature
  8680 | D        | Killed a slime creature
  8681 | D        | Noticed a cyclops
  8683 | D        | Killed a slime creature
  8687 | D        | Killed a cyclops
  8691 | D        | Killed a slime creature
  8757 | D        | Killed a yaktaur captain
  8757 | D        | Reached skill level 10 in Ice Magic
  8933 | D        | Noticed a skeletal warrior
  8948 | D        | Killed a skeletal warrior
  9018 | D        | Noticed an iron golem
  9027 | D        | Killed an iron golem
  9101 | D        | Noticed a necromancer
  9103 | D        | Killed a necromancer
  9130 | D        | Noticed a hell knight
  9130 | D        | Noticed a hell knight
  9131 | D        | Noticed a hell knight
  9131 | D        | Noticed a hell knight
  9132 | D        | Killed a hell knight
  9132 | D        | Reached skill level 10 in Air Magic
  9133 | D        | Killed a hell knight
  9135 | D        | Killed a hell knight
  9136 | D        | Killed a hell knight
  9144 | D        | Noticed a lich
  9146 | D        | Killed a lich
  9146 | D        | Reached skill level 5 in Transmutations
  9146 | D        | Reached skill level 5 in Earth Magic
  9155 | D        | Learned a level 5 spell: Lee's Rapid Deconstruction
  9295 | D        | Noticed Chuck
  9303 | D        | Killed Chuck
  9617 | D        | Noticed Norris
  9619 | D        | Noticed a cyan ugly thing
  9620 | D        | Noticed a slime creature
  9623 | D        | Killed Norris
  9625 | D        | Killed a slime creature
  9627 | D        | Killed a cyan ugly thing
  9627 | D        | Reached skill level 24 in Stealth
  9666 | D        | Noticed a purple ugly thing
  9668 | D        | Killed a purple ugly thing
  9679 | D        | Noticed a lich
  9681 | D        | Killed a lich
  9707 | D        | Noticed a purple ugly thing
  9708 | D        | Noticed a white ugly thing
  9710 | D        | Killed a purple ugly thing
  9712 | D        | Killed a white ugly thing
  9716 | D        | Noticed a cyan ugly thing
  9718 | D        | Noticed a shadow dragon
  9718 | D        | Noticed an ogre mage
  9718 | D        | Noticed a shadow dragon
  9761 | D        | Killed an ogre mage
  9848 | D        | Killed a shadow dragon
  9868 | D        | Killed a shadow dragon
 10022 | D        | Noticed a red ugly thing
 10022 | D        | Noticed an obsidian statue
 10026 | D        | Killed a red ugly thing
 10030 | D        | Noticed a quicksilver dragon
 10030 | D        | Noticed a vault guard
 10030 | D        | Noticed a vault guard
 10031 | D        | Noticed a golden dragon
 10038 | D        | Killed an obsidian statue
 10041 | D        | Noticed a golden dragon
 10045 | D        | Noticed a skeletal warrior
 10100 | D        | Killed a vault guard
 10496 | D        | Noticed a guardian mummy
 10503 | D        | Killed a guardian mummy
 10568 | D        | Noticed a sphinx
 10568 | D        | Noticed a sphinx
 10569 | D        | Noticed a guardian mummy
 10570 | D        | Killed a sphinx
 10571 | D        | Killed a sphinx
 10575 | D        | Killed a guardian mummy
 10594 | D        | Noticed a mummy priest
 10594 | D        | Noticed a guardian mummy
 10594 | D        | Noticed a guardian mummy
 10594 | D        | Noticed a guardian mummy
 10595 | D        | Killed a guardian mummy
 10595 | D        | Reached skill level 15 in Hexes
 10596 | D        | Noticed a guardian mummy
 10597 | D        | Killed a guardian mummy
 10598 | D        | Killed a guardian mummy
 10599 | D        | Noticed a guardian mummy
 10599 | D        | Noticed a guardian mummy
 10600 | D        | Killed a mummy priest
 10600 | D        | Reached XP level 16. HP: 67/67 MP: 37/42
 10663 | D        | Killed a guardian mummy
 10665 | D        | Killed a guardian mummy
 10666 | D        | Killed a guardian mummy
 10682 | D        | Noticed a mummy priest
 10685 | D        | Killed a mummy priest
 10790 | D        | Noticed a mummy priest
 10790 | D        | Noticed a guardian mummy
 10791 | D        | Noticed a mummy priest
 10792 | D        | Killed a mummy priest
 10792 | D        | Reached skill level 25 in Dodging
 10793 | D        | Killed a guardian mummy
 10795 | D        | Killed a mummy priest
 11038 | D        | Noticed a polar bear simulacrum
 11038 | D        | Noticed a black mamba simulacrum
 11038 | D        | Noticed a polar bear simulacrum
 11038 | D        | Killed a black mamba simulacrum
 11039 | D        | Killed a polar bear simulacrum
 11040 | D        | Killed a polar bear simulacrum
 11111 | D        | Bought a scroll of enchant armour for 97 gold pieces
 11111 | D        | Bought a scroll of identify for 26 gold pieces
 11111 | D        | Bought a scroll of enchant weapon for 97 gold pieces
 11228 | D        | Bought a scroll of identify for 24 gold pieces
 11228 | D        | Bought a scroll of identify for 24 gold pieces
 11332 | D        | Noticed a skeletal warrior
 11342 | D        | Killed a skeletal warrior
 11363 | D        | Bought a scroll of identify for 22 gold pieces
 11363 | D        | Bought a scroll of identify for 22 gold pieces
 11363 | D        | Bought a scroll of identify for 22 gold pieces
 11484 | D        | Killed an azure jelly
 11489 | D        | Killed an azure jelly
 11489 | D        | Reached skill level 10 in Conjurations
 11489 | D        | Reached skill level 15 in Translocations
 11491 | D        | Killed an azure jelly
 11784 | D        | Killed an azure jelly
 12015 | D        | Noticed a crystal guardian
 12015 | D        | Noticed a crystal guardian
 12015 | D        | Noticed a crystal guardian
 12015 | D        | Noticed a crystal guardian
 12016 | D        | Killed a crystal guardian
 12019 | D        | Killed a crystal guardian
 12033 | D        | Killed a crystal guardian
 12054 | D        | Killed a crystal guardian
 12118 | D        | Noticed a fire elementalist statue
 12118 | D        | Noticed a water elementalist statue
 12118 | D        | Noticed an earth elementalist statue
 12118 | D        | Noticed an air elementalist statue
 12121 | D        | Killed a water elementalist statue
 12124 | D        | Killed a fire elementalist statue
 12222 | D        | Killed an air elementalist statue
 12225 | D        | Killed an earth elementalist statue
 12321 | D        | Noticed a spectral iron dragon
 12321 | D        | Noticed a golden dragon zombie
 12321 | D        | Noticed Boris
 12321 | D        | Noticed an anaconda zombie
 12321 | D        | Noticed an anaconda zombie
 12322 | D        | Noticed an anaconda simulacrum
 12323 | D        | Killed an anaconda zombie
 12331 | D        | Killed an anaconda zombie
 12553 | D        | Killed a spectral iron dragon
 12591 | D        | Killed an anaconda simulacrum
 12607 | D        | Killed Boris
 12607 | D        | Reached skill level 26 in Dodging
 12607 | D        | Reached skill level 10 in Earth Magic
 12608 | D        | Killed a golden dragon zombie
 12608 | D        | Reached skill level 10 in Transmutations
 12643 | D        | Noticed an anaconda zombie
 12645 | D        | Killed an anaconda zombie
 12647 | D        | Noticed a seven-headed hydra simulacrum
 12649 | D        | Killed a seven-headed hydra simulacrum
 12762 | D        | Found Muexzis's Food Emporium.
 12762 | D        | Found Erruy's Armour Shop.
 12762 | D        | Found Peedi's Distillery.
 12762 | D        | Found Dena's Gadget Shoppe.
 12762 | D        | Noticed an oklob plant
 12763 | D        | Noticed an oklob plant
 12764 | D        | Killed an oklob plant
 12765 | D        | Killed an oklob plant
 12775 | D        | Bought a +0 cloak of poison resistance for 85 gold pieces
 12814 | D        | Noticed Roxanne
 12821 | D        | Killed Roxanne
 12826 | D        | Identified Roxanne's Papyrus of Ashen Transmigration (You took it off Roxanne in the Dungeon)
 12933 | D        | Found Ecsunul's Distillery.
 12933 | D        | Noticed an iron troll simulacrum
 12937 | D        | Killed an iron troll simulacrum
 13007 | D        | Noticed a hornet
 13009 | D        | Noticed a wasp
 13009 | D        | Killed a hornet
 13011 | D        | Killed a wasp
 13018 | D        | Noticed a hornet
 13021 | D        | Killed a hornet
 13042 | D        | Noticed a shadow wraith
 13042 | D        | Noticed a skeletal warrior
 13042 | D        | Noticed a mummy priest
 13043 | D        | Noticed a skeletal warrior
 13044 | D        | Killed a mummy priest
 13058 | D        | Killed a shadow wraith
 13076 | D        | Killed a skeletal warrior
 13076 | D        | Killed a skeletal warrior
 13105 | D        | Killed a vault guard
 13145 | D        | Noticed a slime creature
 13146 | D        | Killed a slime creature
 13147 | D        | Noticed a large slime creature
 13147 | D        | Noticed a slime creature
 13147 | D        | Noticed a slime creature
 13148 | D        | Killed a slime creature
 13150 | D        | Killed a large slime creature
 13152 | D        | Killed a slime creature
 13189 | D        | Noticed a molten gargoyle
 13190 | D        | Noticed a vampire knight
 13190 | D        | Noticed Mara
 13190 | D        | Noticed a vampire knight
 13191 | D        | Killed a molten gargoyle
 13193 | D        | Killed Mara
 13200 | D        | Killed a vampire knight
 13206 | D        | Killed a vampire knight
 13394 | D        | Learned a level 8 spell: Disjunction
 13501 | D        | Killed Nessos
 13515 | D        | Noticed a vault guard
 13520 | D        | Noticed a quicksilver dragon
 13528 | D        | Killed a vault guard
 13706 | D        | Killed a quicksilver dragon
 13706 | D        | Reached skill level 15 in Short Blades
 13707 | D        | Noticed a vault guard
 13710 | D        | Killed a vault guard
 13716 | D        | Killed a vault guard
 13724 | D        | Noticed a vault guard
 13730 | D        | Killed a vault guard
 13730 | D        | Reached skill level 27 in Dodging
 13739 | D        | Noticed a vault guard
 13766 | D        | Killed a vault guard
 13944 | D        | Killed a golden dragon
 13944 | D        | Reached skill level 27 in Stealth
 13977 | D        | Killed a skeletal warrior
 14122 | D        | Noticed a vault guard
 14133 | D        | Killed a vault guard
 14230 | D        | Noticed a vault guard
 14233 | D        | Killed a vault guard
 14233 | D        | Reached XP level 17. HP: 68/68 MP: 34/45
 14260 | D        | Noticed a golden dragon
 14266 | D        | Killed a golden dragon
 14389 | D        | Killed a golden dragon
 14420 | D        | Noticed a vault guard
 14427 | D        | Killed a vault guard
 14539 | D        | Noticed a guardian mummy
 14539 | D        | Noticed a guardian mummy
 14539 | D        | Noticed a mummy priest
 14539 | D        | Noticed a guardian mummy
 14539 | D        | Noticed a guardian mummy
 14539 | D        | Noticed a mummy priest
 14539 | D        | Noticed a guardian mummy
 14539 | D        | Noticed a guardian mummy
 14539 | D        | Noticed a guardian mummy
 14540 | D        | Noticed a greater mummy
 14540 | D        | Noticed a mummy priest
 14540 | D        | Noticed a greater mummy
 14540 | D        | Noticed a guardian mummy
 14540 | D        | Noticed a mummy priest
 14541 | D        | Killed a guardian mummy
 14543 | D        | Killed a guardian mummy
 14544 | D        | Killed a guardian mummy
 14545 | D        | Killed a guardian mummy
 14545 | D        | Reached skill level 10 in Summonings
 14619 | D        | Killed a mummy priest
 14620 | D        | Killed a guardian mummy
 15265 | D        | Killed a guardian mummy
 15296 | D        | Killed a greater mummy
 15546 | D        | Killed a guardian mummy
 15552 | D        | Killed a guardian mummy
 15555 | D        | Killed a mummy priest
 15903 | D        | Killed a mummy priest
 16269 | D        | Killed a mummy priest
 16505 | D        | Noticed a centaur warrior
 16510 | D        | Killed a centaur warrior
 16731 | D        | Killed a greater mummy
 16755 | D        | Got a golden rune of Zot
 16767 | D        | Identified the Guide on Evil Enhancements
 16775 | D        | Got a warped hat
 16786 | D        | Identified the +2 hat of Evolution {rC+} (You acquired it in the Dungeon)
 17038 | D        | Noticed a vault guard
 17039 | D        | Noticed a vault guard
 17039 | D        | Killed a vault guard
 17050 | D        | Killed a vault guard
 17115 | D        | Noticed a frost giant
 17120 | D        | Killed a frost giant
 17191 | D        | Noticed a vault guard
 17200 | D        | Noticed a titan
 17200 | D        | Noticed a green ugly thing
 17226 | D        | Killed a vault guard
 17429 | D        | Killed a titan
 17587 | D        | Killed a green ugly thing
 17587 | D        | Killed a green ugly thing
 17649 | D        | Learned a level 2 spell: Shroud of Golubria
 17665 | D        | Got a silver rune of Zot
 17781 | D        | Noticed a vault guard
 17789 | D        | Killed a vault guard
 17789 | D        | Reached skill level 1 in Charms
 17827 | D        | Noticed a quicksilver dragon
 17843 | D        | Killed a quicksilver dragon
 18028 | D        | Noticed a vault guard
 18034 | D        | Killed a vault guard
 18060 | D        | Noticed a vault guard
 18064 | D        | Killed a vault guard
 18135 | D        | Killed a quicksilver dragon
 18324 | D        | Noticed an ancient champion
 18325 | D        | Killed an ancient champion
 18349 | D        | Noticed an electric eel
 18349 | D        | Noticed an electric eel
 18350 | D        | Noticed an electric eel
 18350 | D        | Noticed Nikola
 18350 | D        | Noticed a storm dragon
 18351 | D        | Killed an electric eel
 18362 | D        | Killed a storm dragon
 18452 | D        | Killed an electric eel
 18453 | D        | Killed an electric eel
 18453 | D        | Killed from afar by Nikola

Vault maps used:
D:        dungeon_sprint_mu

Action                   |  1- 3 |  4- 6 |  7- 9 | 10-12 | 13-15 | 16-18 || total
-------------------------+-------+-------+-------+-------+-------+-------++-------
Melee: Dagger            |    14 |    13 |    46 |   101 |    28 |    21 ||   223
       Short sword       |       |       |       |       |    64 |    93 ||   157
       Rapier            |       |       |       |       |     1 |       ||     1
 Cast: Corona            |     2 |       |       |       |       |       ||     2
       Ensorcelled Hiber |     1 |       |    11 |    52 |    12 |     8 ||    84
       Dazzling Spray    |       |     4 |    10 |    32 |    69 |    42 ||   157
       Venom Bolt        |       |       |     7 |    17 |    50 |    80 ||   154
       Cure Poison       |       |       |     1 |       |       |       ||     1
       Mephitic Cloud    |       |       |       |     2 |     6 |       ||     8
       Confuse           |       |       |       |     1 |     3 |     1 ||     5
       Passwall          |       |       |       |       |     6 |     6 ||    12
       Stone Arrow       |       |       |       |       |    33 |   158 ||   191
       Olgreb's Toxic Ra |       |       |       |       |     3 |       ||     3
       Controlled Blink  |       |       |       |       |     4 |     2 ||     6
       Stoneskin         |       |       |       |       |     6 |     5 ||    11
       Lee's Rapid Decon |       |       |       |       |     2 |    23 ||    25
       Tukima's Dance    |       |       |       |       |     2 |     6 ||     8
       Malign Gateway    |       |       |       |       |     1 |     2 ||     3
Invok: Shadow Step       |       |       |     3 |    13 |    20 |     9 ||    45
 Abil: Evoke Invisibilit |       |       |       |       |       |     1 ||     1
       Evoke Flight      |       |       |       |       |       |     1 ||     1
  Use: Scroll            |       |     4 |       |       |     4 |    16 ||    24
       Potion            |       |     4 |     1 |       |     5 |     5 ||    15
 Stab: Sleeping          |     4 |     4 |    19 |    61 |    52 |    33 ||   173
       Invisible         |       |       |     3 |     2 |     5 |     3 ||    13
       Confused          |       |       |       |       |     2 |       ||     2
       Distracted        |       |       |       |       |       |     2 ||     2
  Eat: Bread ration      |       |       |     1 |       |     1 |       ||     2
       Fruit             |       |       |       |     1 |     5 |     7 ||    13
       Royal jelly       |       |       |       |       |     1 |     1 ||     2
